 Dungeon Crawl Stone Soup version 0.26.0-10-g1f06aea511 (webtiles) character file.

Game seed: 12673803884468900498

14522 funkygono the Thaumaturge (level 11, -17/75 HPs)
             Began as a Demonspawn Ice Elementalist on Jan 24, 2021.
             Was a Follower of Vehumet.
             Demolished by a boulder beetle (32 damage)
             ... on level 14 of the Dungeon.
             The game lasted 00:58:29 (13862 turns).

funkygono the Thaumaturge (DsIE)                   Turns: 13862, Time: 00:58:30

Health: -17/75     AC: 15    Str:  9    XL:     11   Next: 89%
Magic:  0/26       EV: 14    Int: 20    God:    Vehumet [*.....]
Gold:   620        SH:  0    Dex: 13    Spells: 13/32 levels left

rFire    + . .     SeeInvis .   h - +5 quarterstaff (chaos)
rCold    . . .     Faith    .   (shield currently unavailable)
rNeg     + . .     Spirit   +   g - +1 steam dragon scales
rPois    .         Reflect  .   c - +0 hat
rElec    .         Harm     .   i - +0 cloak
rCorr    .         Rampage  .   B - +2 pair of gloves
Will     .....                  f - +0 pair of boots
Stlth    ++........             (no amulet)
HPRegen  0.22/turn              s - ring of wizardry
MPRegen  0.20/turn              J - ring of positive energy

@: very slightly contaminated, invisible
A: horns 1, iridescent scales 2, fire resistance 1, magic shield
a: Renounce Religion


You were on level 14 of the Dungeon.
You worshipped Vehumet.
Vehumet was aware of your devotion.
You visited 2 branches of the dungeon, and saw 13 of its levels.

You collected 620 gold pieces.

Inventory:

Hand Weapons
 h - a +5 quarterstaff of chaos (weapon)
 q - a +6 club
 r - a +2 mace of protection
 z - a +2 whip of electrocution
 D - a +2 whip of pain
Missiles
 F - 5 stones
Armour
 c - a +0 hat (worn)
 d - a +2 robe of willpower
 f - a +0 pair of boots (worn)
 g - +1 steam dragon scales (worn)
 i - a +0 cloak (worn)
 B - a +2 pair of gloves (worn)
 L - a +0 robe of cold resistance
Magical Staves
 x - an uncursed staff of death
Jewellery
 s - a ring of wizardry (left hand)
 y - an uncursed ring of wizardry
 J - a ring of positive energy (right hand)
 N - an uncursed amulet of regeneration {unknown}
Wands
 a - a wand of paralysis (4)
 n - a wand of random effects (53)
 o - a wand of iceblast (19)
 A - a wand of digging (12)
 E - a wand of flame (37)
 G - a wand of enslavement (8)
 K - a wand of acid (3)
Scrolls
 e - 7 scrolls of teleportation
 k - 2 scrolls of fear
 u - a scroll of blinking
 v - 2 scrolls of remove curse
 C - 2 scrolls of identify
 I - a scroll of fog {unknown}
 M - a scroll of amnesia
Potions
 j - 4 potions of haste
 l - 3 potions of flight
 m - 2 potions of curing
 p - 4 potions of lignification
 t - a potion of mutation
 w - 2 potions of brilliance
Miscellaneous
 b - a condenser vane


   Skills:
 + Level 3.3 Fighting
 + Level 5.5 Staves
 + Level 3.8 Dodging
 + Level 2.9 Stealth
 + Level 11.0 Spellcasting
 * Level 6.9 Conjurations
 + Level 1.5 Transmutations
 + Level 1.0 Fire Magic
 + Level 9.9 Ice Magic
 + Level 0.7 Air Magic
 + Level 2.8 Poison Magic
 + Level 0.4 Evocations


You had 13 spell levels left.
You knew the following spells:

 Your Spells              Type           Power        Failure   Level
a - Freeze                Ice            100%         1%          1
b - Frozen Ramparts       Ice            100%         1%          3
c - Ozocubu's Armour      Ice            50%          1%          3
d - Hailstorm             Conj/Ice       44%          1%          4
e - Sting                 Tmut/Pois      76%          1%          1
f - Mephitic Cloud        Conj/Pois/Air  25%          1%          3
g - Magic Dart            Conj           100%         1%          1
h - Ignite Poison         Fire/Tmut/Pois 18%          3%          3

Your spell library contained the following spells:

 Spells                   Type           Power        Failure   Level
 Poisonous Vapours        Pois/Air       36%          1%          2
 Summon Ice Beast         Ice/Summ       30%          3%          4
 Olgreb's Toxic Radiance  Pois           22%          8%          4


Dungeon Overview and Level Annotations

Branches:
Dungeon (11/15)            Temple (1/1) D:4
   Lair: D:8-11         Orc: D:9-12

Altars:
Ashenzari
Cheibriados
Dithmenos
Elyvilon
Fedhas
Gozag
Hepliaklqana
Kikubaaqudgha
Makhleb
Nemelex Xobeh
Okawaru
Qazlal
Ru
Sif Muna
Trog
Uskayaw
Vehumet
Wu Jian
Xom
Yredelemnul
Zin
The Shining One
Lugonu

Shops:
D:6 *

Portals:
Abyss: D:4


Innate Abilities, Weirdness & Mutations

You have a pair of small horns on your head.
You are mostly covered in iridescent scales. (AC +4)
Your flesh is heat resistant. (rF+)
When hurt, damage is shared between your health and your magic reserves.


Message History

You ignite the poison in your surroundings!
The boulder beetle is engulfed in blazing flames.
The boulder beetle hits you!
The boulder beetle stops rolling and uncurls.
Unknown command.
You thump the boulder beetle!
The boulder beetle goes berserk!
You headbutt the boulder beetle, but do no damage.
The boulder beetle is severely wounded.
The boulder beetle bites you!!! The boulder beetle bites you!!
* * * LOW HITPOINT WARNING * * *
Okay, then.
Casting: Ignite Poison (dangerous; 3% risk of failure)
Confirm with . or Enter, or press ? or * to list all spells.
You don't have enough magic to cast that spell.
Unknown command.
You fade into invisibility!
The boulder beetle misses you.
You are very lightly contaminated with residual magic.
The boulder beetle bites you!!
You die...

..########........'..)))(.>#
### ..# #........#.).######
#.. ### #........#.##### #..
#.........^#.# #..
#.##.......#.# #.. ..
.<...#####.# #.. . ......#
#.# #.. ##.#'######.# #.#
^....°B@.# #. ...°###### .


You could see a boulder beetle (berserk).

Vanquished Creatures
  Josephine (D:10)
  A boulder beetle (D:14)
  A centaur warrior (D:14)
  Erica (D:8)
  A two-headed ogre (D:8)
  4 deep elf magi (D:14)
  Pikel (D:6)
  A centaur zombie (D:10)
  Maurice (D:10)
  A torpor snail (shapeshifter) (D:6)
  Joseph (D:9)
  2 centaur skeletons
  A molten gargoyle (D:14)
  A troll (D:10)
  Grinder (D:4)
  5 yaks (D:10)
  A wyvern (D:10)
  6 wraiths (D:10)
  2 steam dragons (D:6)
  Menkaure (D:4)
  A water moccasin (D:6)
  3 orc warriors
  4 ice beasts
  2 phantoms
  2 sky beasts
  5 ogres
  An eye of draining (D:14)
  7 centaurs
  4 lemures (D:6)
  2 big kobolds
  4 bullfrogs
  Blork the orc (D:6)
  2 scorpions
  3 howler monkeys
  3 wights (D:7)
  A crimson imp (D:5)
  A bullfrog zombie (D:5)
  3 bullfrog skeletons
  3 orc priests
  6 hounds
  A jelly (D:5)
  A quasit (D:8)
  8 orc wizards
  Crazy Yiuf (D:2)
  Ijyb (D:3)
  Natasha (D:2)
  3 iguanas
  8 worker ants
  2 hound skeletons
  A worker ant zombie (D:6)
  Robin (D:2)
  A howler monkey skeleton (D:10)
  3 gnolls (D:8)
  5 adders
  A shadow imp (D:5)
  3 white imps
  2 ufetubi (D:5)
  2 adder zombies
  An adder skeleton (D:7)
  3 worms (D:2)
  2 dart slugs
  2 leopard geckos
  24 orcs
  9 bats
  2 giant cockroaches (D:1)
  13 hobgoblins
  17 jackals
  A quokka (D:6)
  4 frilled lizards
  16 goblins
  A goblin zombie (D:5)
  3 hobgoblin zombies (D:5)
  A jackal zombie (D:8)
  12 kobolds
  4 kobold skeletons (D:5)
  A kobold zombie (D:5)
  A leopard gecko skeleton (D:4)
  2 orc skeletons (D:5)
  2 orc zombies (D:5)
  9 rats
  2 lurking horrors (D:4)
269 creatures vanquished.

Vanquished Creatures (others)
  A centaur (D:14)
1 creature vanquished.

Grand Total: 270 creatures vanquished

Notes
Turn   | Place    | Note
-------+----------+-------------------------------------------
     0 | D:1      | funkygono the Demonspawn Ice Elementalist began the quest
                  | for the Orb.
     0 | D:1      | Reached XP level 1. HP: 13/13 MP: 3/3
   408 | D:1      | Gained mutation: Your flesh is heat resistant. (rF+)
                  | [demonic ancestry]
   408 | D:1      | Reached XP level 2. HP: 19/19 MP: 1/5
  1330 | D:2      | Found a shimmering altar of Xom.
  1362 | D:2      | Found a sparkling altar of Nemelex Xobeh.
  1369 | D:2      | Reached XP level 3. HP: 20/24 MP: 0/7
  1374 | D:2      | Learned a level 3 spell: Frozen Ramparts
  1378 | D:2      | Learned a level 3 spell: Ozocubu's Armour
  1649 | D:2      | Noticed Robin
  1655 | D:2      | Killed Robin
  2044 | D:2      | Found a runed translucent door.
  2045 | D:2      | Noticed Crazy Yiuf
  2051 | D:2      | Killed Crazy Yiuf
  2052 | D:2      | Reached skill level 3 in Spellcasting
  2052 | D:2      | Reached XP level 4. HP: 30/30 MP: 4/8
  2858 | D:3      | Noticed Natasha
  3170 | D:2      | Reached skill level 5 in Ice Magic
  3170 | D:2      | Gained mutation: You are partially covered in iridescent
                  | scales. (AC +2) [demonic ancestry]
  3170 | D:2      | Reached XP level 5. HP: 27/35 MP: 7/10
  3175 | D:2      | Killed Natasha
  3331 | D:3      | Reached skill level 4 in Spellcasting
  3336 | D:3      | Reached skill level 1 in Staves
  3341 | D:3      | Learned a level 4 spell: Hailstorm
  3625 | D:3      | Noticed Ijyb
  3637 | D:3      | Killed Ijyb
  3638 | D:3      | Reached skill level 1 in Fighting
  3638 | D:3      | Reached XP level 6. HP: 34/43 MP: 7/12
  3735 | D:3      | Found a white marble altar of Elyvilon.
  4010 | D:4      | Found a shadowy altar of Dithmenos.
  4054 | D:4      | Found a one-way gate to the infinite horrors of the Abyss.
  4072 | D:4      | Found a corrupted altar of Lugonu.
  4086 | D:4      | Noticed Menkaure
  4704 | D:4      | Found a glowing silver altar of Zin.
  4784 | D:4      | Noticed Grinder
  4800 | D:4      | Paralysed by Grinder for 4 turns
  4860 | D:4      | Killed Grinder
  4861 | D:4      | Reached skill level 5 in Spellcasting
  4861 | D:4      | Gained mutation: You are mostly covered in iridescent
                  | scales. (AC +4) [demonic ancestry]
  4861 | D:4      | Reached XP level 7. HP: 42/48 MP: 2/14
  5172 | D:4      | Killed Menkaure
  5397 | D:4      | Found a sparkling altar of Nemelex Xobeh.
  5399 | D:4      | Found a basalt altar of Yredelemnul.
  5501 | D:5      | Entered Level 5 of the Dungeon
  5568 | D:5      | Gained mutation: When hurt, damage is shared between your
                  | health and your magic reserves. [demonic ancestry]
  5568 | D:5      | Reached XP level 8. HP: 36/54 MP: 7/16
  5597 | D:5      | Reached skill level 6 in Spellcasting
  5704 | D:5      | Found a glowing golden altar of the Shining One.
  6354 | D:5      | Reached skill level 1 in Conjurations
  6883 | D:6      | Noticed Blork the orc
  6907 | D:6      | Killed Blork the orc
  6928 | D:6      | Reached skill level 7 in Spellcasting
  6978 | D:6      | Gained mutation: You have a pair of small horns on your
                  | head. [demonic ancestry]
  6978 | D:6      | Reached XP level 9. HP: 42/61 MP: 7/20
  7267 | D:6      | Noticed a glowing shapeshifter
  7267 | D:6      | an ice beast changed into a glowing shapeshifter
  7267 | D:6      | Noticed a torpor snail
  7267 | D:6      | a glowing shapeshifter changed into a torpor snail
  7274 | D:6      | Killed a torpor snail
  7307 | D:6      | Noticed Pikel
  7325 | D:6      | Killed Pikel
  7326 | D:6      | Reached skill level 8 in Spellcasting
  7658 | D:6      | Found Tainulova's General Store.
  8004 | D:6      | Learned a level 1 spell: Sting
  8476 | D:7      | Reached skill level 1 in Poison Magic
  9123 | D:8      | Reached XP level 10. HP: 67/67 MP: 12/22
  9660 | D:8      | Noticed Erica
  9694 | D:8      | Killed Erica
  9695 | D:8      | Reached skill level 9 in Spellcasting
  9929 | D:8      | Noticed a two-headed ogre
  9937 | D:8      | Killed a two-headed ogre
 10829 | D:4      | Found a staircase to the Ecumenical Temple.
 11066 | Temple   | Entered the Ecumenical Temple
 11073 | Temple   | Became a worshipper of Vehumet
 11197 | D:9      | Found an opulent altar of Gozag.
 11233 | D:9      | Noticed Joseph
 11250 | D:9      | Killed Joseph
 11258 | D:9      | Reached skill level 1 in Transmutations
 11329 | D:9      | Found a burning altar of Makhleb.
 11570 | D:9      | Reached skill level 10 in Spellcasting
 11574 | D:9      | Learned a level 3 spell: Mephitic Cloud
 11869 | D:10     | Entered Level 10 of the Dungeon
 11889 | D:10     | Reached skill level 5 in Conjurations
 11905 | D:10     | Noticed Josephine
 11919 | D:10     | Reached XP level 11. HP: 68/74 MP: 6/25
 11928 | D:10     | Noticed Maurice
 11934 | D:10     | Killed Josephine
 12165 | D:10     | Killed Maurice
 12217 | D:10     | Reached * piety under Vehumet
 12217 | D:10     | Offered knowledge of Magic Dart by Vehumet.
 12218 | D:10     | Reached skill level 5 in Staves
 12220 | D:10     | Learned a level 1 spell: Magic Dart
 12366 | D:10     | Learned a level 3 spell: Ignite Poison
 13058 | D:11     | You fall into a shaft and drop 3 floors!
 13111 | D:14     | Noticed a boulder beetle
 13143 | D:14     | Killed a boulder beetle
 13254 | D:14     | Noticed a centaur warrior
 13282 | D:14     | Noticed a deep elf mage
 13296 | D:14     | Killed a deep elf mage
 13306 | D:14     | Noticed a deep elf mage
 13324 | D:14     | Killed a deep elf mage
 13366 | D:14     | Killed a centaur warrior
 13623 | D:14     | Noticed a deep elf mage
 13629 | D:14     | Killed a deep elf mage
 13630 | D:14     | Reached skill level 11 in Spellcasting
 13727 | D:14     | Noticed a deep elf mage
 13732 | D:14     | Killed a deep elf mage
 13733 | D:14     | Reached skill level 1 in Fire Magic
 13836 | D:14     | Noticed a boulder beetle
 13862 | D:14     | Demolished by a boulder beetle

Illustrated notes

Levels and vault maps discovered:
D:1:      ncdulo_smallfort, layout_basic, minmay_small_reverse_x
D:2:      layout_loops_ring, lemuel_doored_altar, lemuel_tele_altar,
          uniq_crazy_yiuf_cottage, uniq_robin
D:3:      layout_rooms, old_standard_altar, dk_noncrumbling_2, uniq_natasha,
          uniq_ijyb
D:4:      layout_cave_pools, overflow_temple_1_default,
          chequers_temple_overflow_statue_of_worship,
          minmay_temple_entry_from_below_b, amcnicky_altar_lugonu_corruption,
          uniq_grinder, uniq_menkaure
D:5:      layout_basic, nicolae_tso_besieged_by_evil
D:6:      cheibrodos_steamvent, layout_basic, serial_shops, kennysheep_mini,
          minmay_strange_pillars, uniq_pikel, uniq_blork_the_orc
D:7:      layout_loops_ring
D:8:      nicolae_whirlpool, layout_gridville, uniq_erica
D:9:      layout_roguey, nicolae_gozag_seed_capital, lightli_temple_of_fire,
          uniq_joseph
D:10:     layout_rooms, uniq_josephine, uniq_maurice
D:11:     layout_roguey, lair_entry_dummy, gauntlet_entry_generic,
          columned_hall_lemuel
D:14:     cheibrodos_statue_roulette, layout_basic, nicolae_wwwww, uniq_snorg
Temple:   cyrus_circular_temple

Skill      XL: |  1  2  3  4  5  6  7  8  9 10 11 |
---------------+----------------------------------+-----
Ice Magic      | 4 5 6 7 8 9 |  9.9
Spellcasting   | 3 4 5 7 8 10 11 | 11.0
Staves         | 1 2 3 4 5 |  5.5
Fighting       | 1 2 3 |  3.3
Dodging        | 2 3 |  3.8
Stealth        | 2 |  2.9
Conjurations   | 3 4 5 6 |  6.9
Poison Magic   | 1 2 |  2.8
Transmutations | 1 |  1.5
Fire Magic     | 1 |  1.0
Air Magic      | |  0.7
Evocations     | |  0.4

Action                   |  1- 3 |  4- 6 |  7- 9 | 10-12 || total
-------------------------+-------+-------+-------+-------++-------
Melee: Club              |    11 |       |       |       ||    11
       Unarmed           |     1 |       |       |       ||     1
       Quarterstaff      |       |    29 |   169 |   133 ||   331
       Headbutt          |       |       |     8 |    26 ||    34
 Cast: Freeze            |    68 |    48 |    49 |     5 ||   170
       Frozen Ramparts   |     1 |    22 |    36 |    42 ||   101
       Ozocubu's Armour  |       |     1 |    16 |    21 ||    38
       Hailstorm         |       |       |     9 |     5 ||    14
       Sting             |       |       |    22 |    50 ||    72
       Mephitic Cloud    |       |       |       |    21 ||    21
       Ignite Poison     |       |       |       |    13 ||    13
       Magic Dart        |       |       |       |    12 ||    12
Evoke: Wand              |       |       |       |     5 ||     5
  Use: Scroll            |     4 |     6 |     7 |     6 ||    23
       Potion            |       |     1 |     4 |     5 ||    10
 Stab: Petrifying        |       |       |     1 |       ||     1
       Confused          |       |       |     2 |     1 ||     3
       Sleeping          |       |       |     1 |       ||     1
Armor: Robe              |     9 |    35 |    67 |       ||   111
       Steam dragon scal |       |       |    35 |   103 ||   138
Dodge: Dodged            |    38 |    70 |   161 |   125 ||   394
